[Event "Titled Tuesday Blitz June 6 Late 2023"]
[White "Domingo Nunez, Ruben"]
[Black "Luong Phuong Hanh"]
[WhiteFideId "22245570"]
[BlackFideId "12401013"]
[WhiteElo "2404"]
[BlackElo "2081"]
[Result "1-0"]
[Round "7"]
[TimeControl "180+2"]
[Date "2023.06.07"]
[WhiteClock "0:00:05"]
[BlackClock "0:00:19"]
[Board "74"]

1. g4 d5 2. Bg2 Nc6 3. c4 d4 4. b4 e5 5. b5 Nce7 6. h3 Ng6 7. d3 Bb4+ 8. Bd2 Bd6 9. a4 N8e7 10. Qc1 Bc5 11. Na3 Qd6 12. Nc2 h5 13. Nf3 hxg4 14. hxg4 Rxh1+ 15. Bxh1 Bxg4 16. Ng5 f5 17. Bxb7 Rb8 18. Bg2 Nh4 19. Bh1 Qg6 20. Qb2 Nc8 21. Bc6+ Kf8 22. Bd7 Ke7 23. Bxc8 Rxc8 24. O-O-O Qd6 25. f3 Bh5 26. Nb4 Ng2 27. Nd5+ Kf8 28. Kc2 Ba3 29. Qb3 Be8 30. Rg1 Ne3+ 31. Bxe3 dxe3 32. Ne6+ Kf7 33. Nxg7 Bc5 34. Nxf5 Qe6 35. Ng3 Qh3 36. Ne4 Qh2 37. Re1 Qh4 38. Qc3 Bd4 39. Qb4 c5 40. bxc6 Bxc6 41. Nd6+ Ke6 42. Nxc8 Kd7 43. Qe7+ Kxc8 44. Qxh4 Bxa4+ 45. Kb1 Bd7 46. Qe7 Bc5 47. Rh1 Bxe7 48. Nxe7+ Kd8 49. Nd5 Be6 50. Rh8+ Kd7 51. Rh7+ Kc6 52. Rxa7 Kc5 53. Ra5+ Kd4 54. Kc2 Bh3 55. Nxe3 Bf1 56. Nxf1 e4 57. Rd5# 1-0


[Site "https://www.chess.com"]

[Event "Titled Tuesday Blitz June 6 Late 2023"]
[White "Kaplan, Avi Harrison"]
[Black "Gubajdullin, Alexei"]
[WhiteFideId "30934559"]
[BlackFideId "4141202"]
[WhiteElo "1983"]
[BlackElo "2279"]
[Result "1-0"]
[Round "7"]
[TimeControl "180+2"]
[Date "2023.06.07"]
[WhiteClock "0:00:03"]
[BlackClock "0:00:01"]
[Board "75"]

1. b3 Nf6 2. Bb2 g6 3. e3 Bg7 4. f4 O-O 5. Nf3 d6 6. Be2 Nc6 7. O-O e5 8. fxe5 Ng4 9. Nc3 Ngxe5 10. Qe1 Bf5 11. d3 Ng4 12. e4 Bd7 13. Bd1 Nd4 14. h3 Nxf3+ 15. Rxf3 Bd4+ 16. Kh1 Ne5 17. Rf1 f5 18. exf5 Rxf5 19. Rxf5 Bxf5 20. Na4 Bxb2 21. Nxb2 Qf6 22. d4 Nf7 23. c3 Ng5 24. Be2 Re8 25. Bc4+ Kf8 26. Qh4 Ne4 27. Qh6+ Qg7 28. Qf4 h5 29. g4 hxg4 30. hxg4 Qh7+ 31. Kg2 Qh4 32. Rf1 Kg7 33. gxf5 Qxf4 34. Rxf4 g5 35. Rf1 Kf6 36. Nd1 Nd2 37. Rf2 Nxc4 38. bxc4 Re1 39. Nb2 Rc1 40. Na4 a6 41. Kg3 b5 42. cxb5 axb5 43. Nb2 Rxc3+ 44. Kg4 Ra3 45. Re2 Rxa2 46. Re6+ Kf7 47. Nd3 Rd2 48. Ne1 b4 49. Nf3 Rd3 50. Nxg5+ Kf8 51. f6 b3 52. Kf5 b2 53. Kg6 Rg3 54. Re1 1-0


[Site "https://www.chess.com"]

[Event "Titled Tuesday Blitz June 6 Late 2023"]
[White "Aldokhin, Ivan"]
[Black "Kozelov, Roman"]
[WhiteFideId "24115720"]
[BlackFideId "14133377"]
[WhiteElo "2322"]
[BlackElo "2149"]
[Result "1-0"]
[Round "7"]
[TimeControl "180+2"]
[Date "2023.06.07"]
[WhiteClock "0:01:46"]
[BlackClock "0:00:01"]
[Board "76"]

1. e4 e6 2. d4 d5 3. Nc3 Bb4 4. Ne2 c5 5. a3 Bxc3+ 6. Nxc3 dxe4 7. dxc5 Qxd1+ 8. Kxd1 f5 9. Nb5 Na6 10. Nd6+ Ke7 11. Bxa6 bxa6 12. Bf4 Nf6 13. c4 Bd7 14. Ke2 Rab8 15. b4 a5 16. b5 h6 17. c6 Be8 18. Nxf5+ exf5 19. Bxb8 Bxc6 20. Bxa7 Bb7 21. c5 Bd5 22. c6 Bc4+ 23. Ke3 Bxb5 24. Rhc1 1-0


[Site "https://www.chess.com"]

[Event "Titled Tuesday Blitz June 6 Late 2023"]
[White "Streltsov, Alexey"]
[Black "Herman, Daniel"]
[WhiteFideId "24104434"]
[BlackFideId "30935008"]
[WhiteElo "2564"]
[BlackElo "1897"]
[Result "1-0"]
[Round "7"]
[TimeControl "180+2"]
[Date "2023.06.07"]
[WhiteClock "0:00:31"]
[BlackClock "0:00:09"]
[Board "77"]

1. d4 Nf6 2. Bf4 d5 3. Nc3 e6 4. Nb5 Na6 5. e3 Be7 6. Nf3 O-O 7. Be2 c6 8. Nc3 c5 9. Bxa6 bxa6 10. O-O a5 11. Ne5 Qe8 12. Qe2 Rb8 13. Ng6 hxg6 14. Bxb8 Qc6 15. Bxa7 Ba6 16. Qd2 Bxf1 17. Rxf1 Ra8 18. Bxc5 Bxc5 19. dxc5 Qxc5 20. Qd4 Rc8 21. Rd1 Qb4 22. Rb1 Rc4 23. Qd2 e5 24. a3 Qc5 25. Rc1 g5 26. h3 g4 27. hxg4 Rxg4 28. Ne2 Ne4 29. Qd3 Rh4 30. Rd1 Rh1+ 31. Kxh1 Nxf2+ 32. Kg1 Nxd3 33. Rxd3 e4 34. Rc3 Qb6 35. b3 f5 36. Kf2 g5 37. Nd4 f4 38. Rc6 Qb7 39. Rg6+ Kf7 40. Rxg5 fxe3+ 41. Kxe3 Qc8 42. Rf5+ Kg6 43. Rxd5 Qc3+ 44. Kxe4 Qe1+ 45. Kf4 Qf2+ 46. Nf3 Qxc2 47. Rxa5 Qxb3 48. Ra6+ Kg7 49. Ra7+ Kg6 50. Ne5+ Kf6 51. Ra6+ Kg7 52. Rg6+ Kh7 53. Rg3 Qa4+ 54. Kf5 Qc2+ 55. Kf4 Qf2+ 56. Nf3 Qc5 57. Ng5+ Kh8 58. Nf7+ Kh7 59. Ng5+ Kh8 60. Rh3+ Kg8 61. Rg3 Qd6+ 62. Kg4 Qd7+ 63. Kh5 Qa7 64. Ne6+ Kh8 65. Ng5 Qd4 66. Nf3 Qd5+ 67. Kh4 Qe4+ 68. Rg4 Qe2 69. Ng5 Qf2+ 70. Kh5 Qf5 71. Kh4 Qf1 72. Kh3 Qh1+ 73. Kg3 Qa1 74. Nf7+ Kh7 75. Ng5+ Kh8 76. Nf7+ Kh7 77. Kh3 Qa2 78. Rg3 Qb2 79. Ng5+ Kg7 80. Nf3+ Kh8 81. Nh4 Qd4 82. Ng6+ Kh7 83. Nh4 Kh6 84. Nf5+ Kh5 85. Nxd4 Kh6 86. Nf3 Kh5 87. Kh2 Kh6 88. Kg1 Kh5 89. Kf2 Kh6 90. Ke3 Kh7 91. a4 Kh8 92. a5 Kh7 93. a6 Kh6 94. a7 Kh5 95. a8=Q Kh6 96. Qh8# 1-0


[Site "https://www.chess.com"]

[Event "Titled Tuesday Blitz June 6 Late 2023"]
[White "ArtemDyachuk"]
[Black "Martin Barcelo, Carles"]
[BlackFideId "24561444"]
[WhiteElo "2558"]
[BlackElo "2089"]
[Result "1-0"]
[Round "7"]
[TimeControl "180+2"]
[Date "2023.06.07"]
[WhiteClock "0:00:01"]
[BlackClock "0:00:01"]
[Board "78"]

1. Nf3 Nc6 2. e4 e5 3. Bb5 a6 4. Ba4 Nf6 5. O-O Be7 6. d3 b5 7. Bb3 d6 8. c3 O-O 9. Re1 Na5 10. Bc2 c5 11. Nbd2 Re8 12. Nf1 Bf8 13. Ng3 g6 14. d4 cxd4 15. cxd4 Bb7 16. Bg5 h6 17. dxe5 hxg5 18. exf6 Qxf6 19. e5 dxe5 20. Be4 Rad8 21. Qe2 g4 22. Bxb7 Nxb7 23. Nxe5 Kg7 24. Qe4 Nc5 25. Qe3 Bd6 26. f4 gxf3 27. Rf1 Qxe5 28. Qa3 Qe3+ 29. Qxe3 Rxe3 30. Kf2 Rde8 31. gxf3 Re2+ 32. Nxe2 Nd3+ 33. Kg1 Rxe2 34. b4 Bxh2+ 35. Kh1 Bf4 36. a4 Rh2+ 37. Kg1 Ne5 38. axb5 axb5 39. Ra5 Nc4 40. Rxb5 Ne3 41. Re1 Rg2+ 42. Kh1 Rh2+ 43. Kg1 Nf5 44. Rc5 Rh5 45. Rc4 1-0


[Site "https://www.chess.com"]

[Event "Titled Tuesday Blitz June 6 Late 2023"]
[White "Roberson, Peter T"]
[Black "zsizsi99"]
[WhiteFideId "412384"]
[WhiteElo "2346"]
[BlackElo "2423"]
[Result "0-1"]
[Round "7"]
[TimeControl "180+2"]
[Date "2023.06.07"]
[WhiteClock "0:01:19"]
[BlackClock "0:00:46"]
[Board "79"]

1. e4 c5 2. d3 d5 3. Nd2 e5 4. Ngf3 Nc6 5. g3 Be6 6. Bg2 f6 7. O-O Qd7 8. a3 O-O-O 9. b4 cxb4 10. axb4 Bxb4 11. Bb2 d4 12. Qc1 g5 13. c3 dxc3 14. Bxc3 Bxc3 15. Qxc3 Qxd3 16. Qc1 Kb8 17. Rd1 Nge7 18. Bf1 Qd7 19. Be2 g4 20. Nh4 Nd4 21. Bf1 Nec6 22. Qa3 Nc2 23. Qb2 Nxa1 24. Qxa1 Qd4 25. Qb1 Qb4 26. Qc1 Rd7 27. Nb1 Rxd1 28. Qxd1 Rd8 29. Qc1 Qxe4 30. Bg2 Qc4 31. Nc3 Rd3 32. Qh6 Qxc3 33. Qf8+ Rd8 34. Qxf6 Qe1+ 35. Bf1 Bc4 36. h3 Qxf1+ 37. Kh2 Qxh3+ 38. Kg1 Rd1# 0-1


[Site "https://www.chess.com"]

[Event "Titled Tuesday Blitz June 6 Late 2023"]
[White "Sargsyan, Anna M."]
[Black "Ai, Evan"]
[WhiteFideId "13308130"]
[BlackFideId "2094770"]
[WhiteElo "2284"]
[BlackElo "1963"]
[Result "1-0"]
[Round "7"]
[TimeControl "180+2"]
[Date "2023.06.07"]
[WhiteClock "0:01:56"]
[BlackClock "0:00:36"]
[Board "80"]

1. d4 Nf6 2. c4 e6 3. Nf3 b6 4. g3 Bb7 5. Bg2 Be7 6. O-O d6 7. Nc3 Ne4 8. d5 Nxc3 9. bxc3 e5 10. Ne1 Nd7 11. f4 f5 12. e4 fxe4 13. Bxe4 Nf6 14. Bg2 O-O 15. fxe5 dxe5 16. Nf3 e4 17. Nd4 Bc5 18. Be3 Qe7 19. Qe2 Bc8 20. Kh1 Bg4 21. Qd2 Nd7 22. Bg5 Qd6 23. Bxe4 Ne5 24. Bf4 Nxc4 25. Qd3 Ne5 26. Bxh7+ Kh8 27. Qe4 Bxd4 28. cxd4 Bf3+ 29. Rxf3 Nxf3 30. Bxd6 cxd6 31. Bf5 Ng5 32. Qh4+ 1-0


[Site "https://www.chess.com"]

[Event "Titled Tuesday Blitz June 6 Late 2023"]
[White "Ozates, Tuna"]
[Black "Lalanne, Pablo"]
[WhiteFideId "6354521"]
[BlackFideId "112151"]
[WhiteElo "2151"]
[BlackElo "2120"]
[Result "1-0"]
[Round "7"]
[TimeControl "180+2"]
[Date "2023.06.07"]
[WhiteClock "0:01:42"]
[BlackClock "0:00:20"]
[Board "81"]

1. e4 c5 2. Nf3 d6 3. d4 cxd4 4. Nxd4 Nf6 5. Nc3 Nc6 6. Bc4 Qb6 7. Nb3 e6 8. O-O a6 9. Be3 Qc7 10. Be2 Be7 11. f4 O-O 12. Kh1 Re8 13. Bf3 Rb8 14. a4 b6 15. g4 Bf8 16. g5 Nd7 17. Qe1 Nb4 18. Rc1 Nc5 19. Nd4 e5 20. fxe5 dxe5 21. Nf5 Bxf5 22. exf5 e4 23. Bg2 Bd6 24. Qh4 b5 25. axb5 axb5 26. g6 fxg6 27. fxg6 hxg6 28. Bxc5 Bxc5 29. Nxe4 Be3 30. Rce1 Nxc2 31. Ng5 Bxg5 32. Bd5+ 1-0


[Site "https://www.chess.com"]

[Event "Titled Tuesday Blitz June 6 Late 2023"]
[White "Chabris, Christopher"]
[Black "Bilan, Danila"]
[WhiteFideId "2005263"]
[BlackFideId "24161918"]
[WhiteElo "2399"]
[BlackElo "2146"]
[Result "1-0"]
[Round "7"]
[TimeControl "180+2"]
[Date "2023.06.07"]
[WhiteClock "0:00:16"]
[BlackClock "0:00:01"]
[Board "82"]

1. e4 c6 2. d4 d5 3. e5 c5 4. c3 Nc6 5. Be2 Qb6 6. dxc5 Qxc5 7. b4 Qb6 8. Qxd5 Be6 9. Qe4 O-O-O 10. Nf3 Bd5 11. Qf4 g6 12. Be3 Qc7 13. b5 Na5 14. O-O Bh6 15. Qg4+ Be6 16. Qg3 Bxe3 17. fxe3 Nh6 18. Nd4 Nf5 19. Nxf5 gxf5 20. Qf4 Rhg8 21. Na3 Kb8 22. b6 axb6 23. Nb5 Qc5 24. Nd4 Qxc3 25. Nxf5 Bxf5 26. e6+ Ka7 27. exf7 Rgf8 28. Qxf5 Qxe3+ 29. Rf2 Rd2 30. Re1 Nc6 31. Qf3 Qc5 32. Bf1 Ne5 33. Qe3 1-0


[Site "https://www.chess.com"]

[Event "Titled Tuesday Blitz June 6 Late 2023"]
[White "Novikov, Evgenij"]
[Black "Smiechu"]
[WhiteFideId "4125380"]
[WhiteElo "2242"]
[BlackElo "2396"]
[Result "1-0"]
[Round "7"]
[TimeControl "180+2"]
[Date "2023.06.07"]
[WhiteClock "0:00:15"]
[BlackClock "0:00:02"]
[Board "83"]

1. d4 Nf6 2. Nc3 c5 3. e4 cxd4 4. Qxd4 Nc6 5. Qd2 g6 6. Nf3 Bg7 7. h3 O-O 8. Bd3 d6 9. O-O Bd7 10. Qe2 Rc8 11. Bg5 e6 12. Rad1 Qb6 13. Na4 Qa5 14. b3 Nb4 15. Bd2 Bxa4 16. a3 Bc6 17. axb4 Qb6 18. c4 d5 19. c5 Qc7 20. e5 Ne4 21. b5 Be8 22. Bxe4 dxe4 23. Qxe4 Bxb5 24. Rfe1 Rfd8 25. Be3 Bc6 26. Qg4 Bxf3 27. Qxf3 Qxe5 28. Qxb7 a5 29. g3 h5 30. h4 Rb8 31. Rxd8+ Rxd8 32. c6 Rf8 33. c7 Qc3 34. Rc1 1-0


[Site "https://www.chess.com"]

[Event "Titled Tuesday Blitz June 6 Late 2023"]
[White "Vovk, Orest"]
[Black "Romero Ruscalleda, Josep"]
[WhiteFideId "14113490"]
[BlackFideId "2231859"]
[WhiteElo "2215"]
[BlackElo "2183"]
[Result "1-0"]
[Round "7"]
[TimeControl "180+2"]
[Date "2023.06.07"]
[WhiteClock "0:00:08"]
[BlackClock "0:00:01"]
[Board "84"]

1. d4 g6 2. g4 Bg7 3. g5 c5 4. d5 d6 5. h4 h6 6. Bg2 hxg5 7. hxg5 Rxh1 8. Bxh1 Nd7 9. Nf3 Ne5 10. Nxe5 Bxe5 11. Nd2 Bg4 12. Nc4 Bg7 13. c3 b5 14. Ne3 Bd7 15. Bf3 Qb6 16. Ng4 O-O-O 17. Nh6 f6 18. Nxg8 Rxg8 19. Qd3 f5 20. Be3 Qa5 21. a3 Qa4 22. Rc1 Rh8 23. b4 c4 24. Qc2 Qxa3 25. Kd2 a5 26. bxa5 Qxa5 27. Qb2 Kb8 28. Ra1 Qc7 29. Ra6 Bc8 30. Rb6+ Bb7 31. Qxb5 Rh4 32. Ra6 f4 33. Bb6 Qc8 34. Ra7 1-0


[Site "https://www.chess.com"]

[Event "Titled Tuesday Blitz June 6 Late 2023"]
[White "Janaszak, Dawid"]
[Black "Krishnakumar, Sriram"]
[WhiteFideId "1119206"]
[BlackFideId "30915856"]
[WhiteElo "2220"]
[BlackElo "2501"]
[Result "1-0"]
[Round "7"]
[TimeControl "180+2"]
[Date "2023.06.07"]
[WhiteClock "0:00:25"]
[BlackClock "0:00:16"]
[Board "85"]

1. d4 d5 2. Bf4 Nf6 3. Nf3 e6 4. e3 Bd6 5. Nbd2 O-O 6. Bd3 b6 7. Qe2 c5 8. c3 Nc6 9. Ne5 Bb7 10. h4 Ne7 11. g4 Ne4 12. g5 Nf5 13. Rg1 Rc8 14. h5 Qc7 15. f3 Nxd2 16. Qxd2 cxd4 17. cxd4 g6 18. hxg6 fxg6 19. Ke2 Qe7 20. Bxf5 Rxf5 21. Rac1 Ba6+ 22. Kf2 Rff8 23. Rxc8 Rxc8 24. Rc1 Rc7 25. Rc3 Bc4 26. a3 Rc8 27. Ng4 Bxf4 28. exf4 Kg7 29. Qe3 Qd6 30. Qc1 Rf8 31. b3 Ba6 32. Ne5 Re8 33. b4 Re7 34. Rc6 Qb8 35. a4 Bb7 36. Rc3 Qf8 37. b5 Qd8 38. Kg3 h5 39. Qc2 Qe8 40. Rc7 1-0


[Site "https://www.chess.com"]

[Event "Titled Tuesday Blitz June 6 Late 2023"]
[White "Rodriguez Santiago, Jaime"]
[Black "Mieles Palau, Daniel"]
[WhiteFideId "3100898"]
[BlackFideId "3600467"]
[WhiteElo "2025"]
[BlackElo "2344"]
[Result "0-1"]
[Round "7"]
[TimeControl "180+2"]
[Date "2023.06.07"]
[WhiteClock "0:00:26"]
[BlackClock "0:00:51"]
[Board "86"]

1. c4 e6 2. Nf3 d5 3. g3 Nf6 4. Bg2 c6 5. O-O dxc4 6. a4 b5 7. axb5 cxb5 8. Nc3 b4 9. Ne5 Nd5 10. Nxd5 exd5 11. Nxc4 Nc6 12. Ne3 Be6 13. d3 Be7 14. Bd2 O-O 15. Qa4 Nd4 16. Qd1 a5 17. b3 h6 18. Bc1 Nb5 19. Bb2 Bf6 20. d4 Qb6 21. Nxd5 Bxd5 22. Bxd5 Rad8 23. e4 Nxd4 24. Bxd4 Bxd4 25. Ra4 Kh8 26. Qf3 Rd6 27. Rc1 Rf6 28. Qg4 Rxf2 29. Kh1 Qf6 30. Rxa5 Rf1+ 0-1


[Site "https://www.chess.com"]

[Event "Titled Tuesday Blitz June 6 Late 2023"]
[White "Weisz, Bryan"]
[Black "Garmendiarov"]
[WhiteFideId "30934133"]
[WhiteElo "2330"]
[BlackElo "2514"]
[Result "0-1"]
[Round "7"]
[TimeControl "180+2"]
[Date "2023.06.07"]
[WhiteClock "0:00:03"]
[BlackClock "0:00:20"]
[Board "87"]

1. e4 c5 2. d4 cxd4 3. Ne2 e5 4. c3 dxc3 5. Nbxc3 Nc6 6. Ng3 Nf6 7. Bc4 d6 8. Bg5 Be7 9. O-O O-O 10. Bxf6 Bxf6 11. Nd5 Be6 12. Rc1 Nd4 13. f4 Bxd5 14. Bxd5 Qb6 15. Kh1 exf4 16. Nh5 Be5 17. Qg4 Qxb2 18. Rc7 Qe2 19. Qxe2 Nxe2 20. g3 fxg3 21. Rfxf7 Rxf7 22. Rxf7 Kh8 23. hxg3 Nxg3+ 24. Nxg3 Bxg3 25. Rxb7 h6 26. Kg2 Be5 27. a4 Bd4 28. Rd7 Rf8 29. Rxd6 Rf2+ 30. Kg3 Be5+ 31. Kxf2 Bxd6 32. Kf3 g5 33. Kg4 Kg7 34. Kf5 Bf4 35. Kg4 Kg6 36. Bc6 h5+ 37. Kf3 Be5 38. Be8+ Kh6 39. Bf7 g4+ 40. Kg2 Kg5 41. Be6 h4 42. Bf5 Kf4 43. a5 h3+ 44. Kh1 Kg3 45. a6 Kh4 46. Be6 g3 47. Bf5 g2+ 48. Kg1 Bd4+ 49. Kh2 g1=Q# 0-1


[Site "https://www.chess.com"]

[Event "Titled Tuesday Blitz June 6 Late 2023"]
[White "Della Corte, Alessandro"]
[Black "Ladan, Nicholas"]
[WhiteFideId "813540"]
[BlackFideId "30918855"]
[WhiteElo "2205"]
[BlackElo "2167"]
[Result "0-1"]
[Round "7"]
[TimeControl "180+2"]
[Date "2023.06.07"]
[WhiteClock "0:02:14"]
[BlackClock "0:01:48"]
[Board "88"]

1. d4 d5 2. Nf3 Nf6 3. c4 e6 4. Nc3 c6 5. Bg5 Nbd7 6. cxd5 exd5 7. e3 Be7 8. Bd3 Ne4 9. Bxe7 Qxe7 10. Bxe4 dxe4 11. Nd2 Nf6 12. Qc2 Bf5 13. O-O O-O 14. Nc4 Rfe8 15. Ne5 Ng4 16. Nxg4 Bxg4 17. h3 Bf5 18. Na4 Qg5 19. Kh1 Re6 20. Nc5 Rh6 21. Rg1 Bxh3 0-1


[Site "https://www.chess.com"]

[Event "Titled Tuesday Blitz June 6 Late 2023"]
[White "Fieberg, Samuel"]
[Black "Arias Igual, Alejandro"]
[WhiteFideId "12901717"]
[BlackFideId "2254905"]
[WhiteElo "2508"]
[BlackElo "2179"]
[Result "1-0"]
[Round "7"]
[TimeControl "180+2"]
[Date "2023.06.07"]
[WhiteClock "0:00:11"]
[BlackClock "0:00:03"]
[Board "89"]

1. e4 c5 2. Nf3 g6 3. c3 Nf6 4. e5 Nd5 5. d4 cxd4 6. cxd4 Nc6 7. Nc3 Nxc3 8. bxc3 Bg7 9. h4 h5 10. Bf4 O-O 11. d5 Na5 12. Bd3 d6 13. c4 dxe5 14. Bxe5 Bxe5 15. Nxe5 Qd6 16. Qe2 b6 17. g4 Bxg4 18. Nxg4 hxg4 19. h5 g5 20. Qxg4 Qe5+ 21. Kd2 Rac8 22. Rac1 Kh8 23. Rhe1 Qf6 24. Qe4 Qh6 25. Qxe7 g4+ 26. Qe3 Qxe3+ 27. Rxe3 f5 28. Re7 a6 29. Ke3 f4+ 30. Kd4 Rce8 31. Rh7+ Kg8 32. Rg1 g3 33. fxg3 f3 34. Rf1 f2 35. h6 Nc6+ 36. dxc6 Rd8+ 37. Rd7 Rc8 38. c7 1-0


[Site "https://www.chess.com"]

[Event "Titled Tuesday Blitz June 6 Late 2023"]
[White "Simonovic, Miroslav"]
[Black "Jaskolka, Tomasz"]
[WhiteFideId "919152"]
[BlackFideId "1170791"]
[WhiteElo "2075"]
[BlackElo "2155"]
[Result "0-1"]
[Round "7"]
[TimeControl "180+2"]
[Date "2023.06.07"]
[WhiteClock "0:00:04"]
[BlackClock "0:00:17"]
[Board "90"]

1. d4 d5 2. Bg5 c5 3. c3 Nc6 4. e3 Qb6 5. Qc2 Bf5 6. Qxf5 Qxb2 7. Qxd5 Qxa1 8. Qb3 O-O-O 9. Nf3 h6 10. Bf4 g5 11. Bg3 Bg7 12. Ne5 Bxe5 13. dxe5 e6 14. Bc4 Na5 15. Bxe6+ Kb8 16. Qc2 fxe6 17. O-O Nc4 18. Qb3 Qb2 19. Qxc4 Qb6 20. h4 Ne7 21. Na3 Nf5 22. Bh2 gxh4 23. Nb5 Rhg8 24. Nd6 Qc6 25. e4 h3 0-1


[Site "https://www.chess.com"]

[Event "Titled Tuesday Blitz June 6 Late 2023"]
[White "Filgueira, Hernan"]
[Black "Wang, Alexander J"]
[WhiteFideId "101770"]
[BlackFideId "30955270"]
[WhiteElo "2363"]
[BlackElo "2280"]
[Result "1-0"]
[Round "7"]
[TimeControl "180+2"]
[Date "2023.06.07"]
[WhiteClock "0:01:53"]
[BlackClock "0:01:41"]
[Board "91"]

1. c4 e6 2. Nf3 d5 3. g3 Nf6 4. d4 c5 5. cxd5 exd5 6. Bg2 Nc6 7. O-O Be7 8. Nc3 O-O 9. Bg5 Be6 10. e3 c4 11. Ne5 Rc8 12. Bxf6 Bxf6 13. f4 a6 14. Qf3 Bxe5 15. dxe5 d4 16. exd4 Qxd4+ 17. Kh1 g6 18. Ne4 Kg7 19. Nf6 Ne7 20. Rad1 Qc5 21. g4 Rfd8 22. Qh3 Bd5 23. Qxh7+ 1-0


[Site "https://www.chess.com"]

[Event "Titled Tuesday Blitz June 6 Late 2023"]
[White "Prieto Aranguren, Alain"]
[Black "Alex_Sahakyan2006"]
[WhiteFideId "2268906"]
[WhiteElo "2209"]
[BlackElo "2675"]
[Result "1/2-1/2"]
[Round "7"]
[TimeControl "180+2"]
[Date "2023.06.07"]
[WhiteClock "0:01:03"]
[BlackClock "0:00:17"]
[Board "92"]

1. e4 e6 2. d4 d5 3. exd5 exd5 4. Bd3 Bd6 5. Nf3 Nf6 6. O-O O-O 7. Bg5 h6 8. Bh4 Nc6 9. c3 Re8 10. Nbd2 g5 11. Bg3 Ne4 12. Qc2 Nxg3 13. hxg3 Bg4 14. Rfe1 Qd7 15. Nf1 Kg7 16. Ne3 Be6 17. Nf5+ Bxf5 18. Bxf5 Rxe1+ 19. Rxe1 Qd8 20. Ne5 Qe7 21. Re3 Nxe5 22. dxe5 Bc5 23. Re2 c6 24. Qd3 Re8 25. Qf3 Qc7 26. e6 fxe6 27. Rxe6 Rxe6 28. Bxe6 Qe7 29. Qf5 a5 30. Kh2 Qf6 31. f3 Be7 32. Bc8 Qxf5 33. Bxf5 b6 34. Bd7 c5 35. g4 Kf6 36. Kg3 Ke5 37. Kf2 c4 38. Ke2 Bc5 39. Bc6 d4 40. Bb5 d3+ 41. Kd2 Kd5 42. a4 Bd6 43. Kd1 Bf4 44. Ba6 Be3 45. Bb5 Kc5 46. Ba6 Bg1 47. Bb5 Bh2 48. Ba6 Bf4 49. Bb5 Be5 50. Ba6 Bf6 51. Bb5 Kd5 52. Ba6 Be7 53. Bb5 Bd6 54. Ba6 Be5 55. Bb5 Kc5 56. Ba6 Bc7 57. Bb5 Bb8 58. Ba6 Bf4 59. Bb5 Bg3 60. Ba6 Bh2 61. Bb5 Bf4 62. Ba6 Bd6 63. Bb5 Bc7 64. Ba6 Bd8 65. Bb5 Bf6 66. Ba6 Be5 67. Bb5 Bf4 68. Ba6 Kd5 69. Bb5 Bg3 70. Ba6 Bf2 71. Bb5 Bc5 72. Ba6 Bd6 73. Bb5 Be5 74. Ba6 Bf6 75. Bb5 Bd8 76. Ba6 Bc7 77. Bb5 Be5 78. Ba6 1/2-1/2


[Site "https://www.chess.com"]

[Event "Titled Tuesday Blitz June 6 Late 2023"]
[White "Cagara, Paulina"]
[Black "Melian, Juan Sebastian"]
[WhiteFideId "1124870"]
[BlackFideId "3706575"]
[WhiteElo "1967"]
[BlackElo "2092"]
[Result "0-1"]
[Round "7"]
[TimeControl "180+2"]
[Date "2023.06.07"]
[WhiteClock "0:01:48"]
[BlackClock "0:02:15"]
[Board "93"]

1. e4 c6 2. d4 d5 3. exd5 cxd5 4. Bd3 Nc6 5. c3 Nf6 6. h3 g6 7. Nf3 Bf5 8. Bxf5 gxf5 9. Bf4 e6 10. Nbd2 Bd6 11. Ne5 Qc7 12. Ndf3 Ne4 13. Qa4 Ke7 14. O-O Rhg8 15. Rfe1 f6 16. Nxc6+ bxc6 17. Bxd6+ Qxd6 18. Qa6 Qc7 19. b4 Rg7 20. Nh4 Rag8 21. f3 Rxg2+ 22. Nxg2 Rxg2+ 23. Kxg2 Qg3+ 24. Kh1 Nf2# 0-1


[Site "https://www.chess.com"]

[Event "Titled Tuesday Blitz June 6 Late 2023"]
[White "Sanchez, Robert"]
[Black "Prado Lobo, Jonas"]
[WhiteFideId "2034360"]
[BlackFideId "32050666"]
[WhiteElo "1893"]
[BlackElo "2322"]
[Result "0-1"]
[Round "7"]
[TimeControl "180+2"]
[Date "2023.06.07"]
[WhiteClock "0:02:40"]
[BlackClock "0:02:26"]
[Board "94"]

1. Nf3 g6 2. e3 Bg7 3. c4 Nf6 4. Nc3 O-O 5. d4 d5 6. cxd5 Nxd5 7. e4 Nxc3 8. bxc3 c5 9. Be3 Qa5 10. Qd2 Rd8 11. Bc4 Nc6 12. e5 cxd4 13. cxd4 Qxd2+ 14. Kxd2 Nxe5 15. Nxe5 Bxe5 16. Kc3 Bf6 17. Rad1 b6 18. h4 Bb7 19. h5 Bxg2 20. hxg6 hxg6 21. Rhg1 Bd5 0-1


[Site "https://www.chess.com"]

[Event "Titled Tuesday Blitz June 6 Late 2023"]
[White "Szyszylo, Rafal"]
[Black "Graif, William"]
[WhiteFideId "1109626"]
[BlackFideId "2609835"]
[WhiteElo "1951"]
[BlackElo "2201"]
[Result "0-1"]
[Round "7"]
[TimeControl "180+2"]
[Date "2023.06.07"]
[WhiteClock "0:00:09"]
[BlackClock "0:00:24"]
[Board "95"]

1. e4 e5 2. Bc4 Bc5 3. Nc3 d6 4. d3 a6 5. a3 Nc6 6. f4 Nf6 7. f5 h6 8. Nf3 Ng4 9. Qe2 Bf2+ 10. Kd1 Ba7 11. h3 Nf2+ 12. Ke1 Nxh1 13. g4 h5 14. g5 h4 15. Qg2 Ng3 16. Nxh4 Rxh4 17. Qxg3 Rh8 18. Bd2 Bd7 19. h4 Nd4 20. Rc1 c6 21. Ne2 Qc7 22. Nxd4 Bxd4 23. Ke2 d5 24. exd5 Bxf5 25. dxc6 Qxc6 26. Rf1 Be6 0-1


[Site "https://www.chess.com"]

[Event "Titled Tuesday Blitz June 6 Late 2023"]
[White "Vaglio Munoz, Jaime"]
[Black "i_like_explosions"]
[WhiteFideId "6500145"]
[WhiteElo "2199"]
[BlackElo "2469"]
[Result "1-0"]
[Round "7"]
[TimeControl "180+2"]
[Date "2023.06.07"]
[WhiteClock "0:01:23"]
[BlackClock "0:01:22"]
[Board "96"]

1. Nf3 Nf6 2. c4 e6 3. b3 d5 4. Bb2 Be7 5. g3 O-O 6. Bg2 c6 7. O-O b6 8. d3 Bb7 9. Re1 Nbd7 10. Nc3 c5 11. e4 d4 12. Ne2 e5 13. a3 a6 14. Bc1 Ne8 15. Bh3 f6 16. Nh4 Nd6 17. Be6+ Kh8 18. f4 b5 19. Kg2 bxc4 20. bxc4 Bc6 21. Ng1 Rb8 22. f5 Qe8 23. Qg4 Nb6 24. Ng6+ hxg6 25. Qh3# 1-0


[Site "https://www.chess.com"]

[Event "Titled Tuesday Blitz June 6 Late 2023"]
[White "Hoffmann, Asa"]
[Black "KorolDimitriy75"]
[WhiteFideId "2001470"]
[WhiteElo "2117"]
[BlackElo "2455"]
[Result "1-0"]
[Round "7"]
[TimeControl "180+2"]
[Date "2023.06.07"]
[WhiteClock "0:01:29"]
[BlackClock "0:00:01"]
[Board "97"]

1. d4 Nf6 2. Bg5 Ne4 3. Bf4 c5 4. f3 Nf6 5. dxc5 Qa5+ 6. Nc3 Qxc5 7. e4 d6 8. Qd2 g6 9. Be3 Qa5 10. Nb5 Qxd2+ 11. Kxd2 Na6 12. Nxa7 Bd7 13. Nb5 Bg7 14. Nc3 O-O 15. Bd3 Rfc8 16. Nge2 Nc5 17. g4 h5 18. g5 Ne8 19. Nd5 Nxd3 20. Nxe7+ Kf8 21. Nxc8 Nxb2 22. Nb6 Rd8 23. Rab1 Be6 24. Bd4 Nc4+ 25. Nxc4 Bxc4 26. Bxg7+ Nxg7 27. Rxb7 Bxa2 28. Ra1 Bc4 29. Nd4 Ne6 30. Nxe6+ Bxe6 31. Rba7 Kg7 32. Ra8 Bc8 33. R1a7 d5 34. e5 1-0


[Site "https://www.chess.com"]

[Event "Titled Tuesday Blitz June 6 Late 2023"]
[White "Rangel, Daniel"]
[Black "szachmistrz2500"]
[WhiteFideId "2124475"]
[WhiteElo "2231"]
[BlackElo "2455"]
[Result "1-0"]
[Round "7"]
[TimeControl "180+2"]
[Date "2023.06.07"]
[WhiteClock "0:00:11"]
[BlackClock "0:00:01"]
[Board "98"]

1. d4 Nf6 2. c4 g6 3. Nc3 Bg7 4. e4 d6 5. Nf3 O-O 6. Be2 e5 7. O-O Nbd7 8. d5 Nc5 9. Qc2 a5 10. Ne1 Ne8 11. Be3 f5 12. f3 f4 13. Bf2 g5 14. Nd3 b6 15. a3 h5 16. h3 g4 17. fxg4 hxg4 18. Bxg4 Bxg4 19. hxg4 Qg5 20. Nxc5 bxc5 21. Qe2 Nf6 22. Nb5 Rf7 23. b4 Nxg4 24. Qf3 axb4 25. axb4 Rxa1 26. Rxa1 cxb4 27. Ra8+ Bf8 28. Rc8 Qh5 29. Nxc7 Qh2+ 30. Kf1 Qh1+ 31. Ke2 Nh2 32. Qh5 Qf1+ 33. Kd2 Qxf2+ 34. Kc1 Qf1+ 35. Kb2 Qxg2+ 36. Kb3 Qg4 37. Qxh2 Qxc8 38. Ne6 Bg7 39. Qh5 f3 40. Ng5 1-0


[Site "https://www.chess.com"]